 Dungeon Crawl Stone Soup version 0.29-a0-251-g80730f7218 (webtiles) character file.

Game seed: 13609628954365814816

196 horus123 the Skirmisher (level 5, -11/51 HPs)
             Began as a Minotaur Fighter on Mar 5, 2022.
             Killed by divine providence
             ... invoked by an orc priest
              (13 damage)
             ... on level 3 of the Dungeon.
             The game lasted 00:04:18 (2651 turns).

horus123 the Skirmisher (Minotaur Fighter)          Turns: 2651, Time: 00:04:19

Health: -11/51     AC: 17    Str: 23    XL:     5   Next: 45%
Magic:  4/4        EV:  7    Int:  5    God:
Gold:   120        SH:  4    Dex:  9    Spells: 4/4 levels left

rFire   . . .      SeeInvis +   b - +0 flail (protect)
rCold   . . .      Faith    .   c - +0 buckler
rNeg    . . .      Spirit   .   m - +0 chain mail
rPois   .          Reflect  .   (helmet restricted)
rElec   .          Harm     .   j - +0 cloak
rCorr   .          Rampage  .   (no gloves)
Will    .....                   (no boots)
Stlth   ..........              (no amulet)
HPRegen 0.17/turn               n - ring of see invisible
MPRegen 0.09/turn               (no ring)

@: mighty, under a protective aura
A: horns 2, retaliatory headbutt
a: no special abilities


You were on level 3 of the Dungeon.
You visited 1 branch of the dungeon, and saw 3 of its levels.

You collected 120 gold pieces.

Inventory:

Hand Weapons
 b - a +0 flail of protection (weapon)
Armour
 c - a +0 buckler (worn)
 j - a +0 cloak (worn)
 m - a +0 chain mail (worn)
Jewellery
 n - a ring of see invisible (left hand)
Scrolls
 a - a scroll of enchant weapon {unknown}
 o - a scroll of fear
Potions
 e - 2 potions of curing {unknown}
 f - 2 potions of attraction
 g - 3 potions of ambrosia {unknown}
 h - a potion of degeneration {unknown}
 i - a potion of flight {unknown}
 k - a potion of heal wounds {unknown}
 l - a potion of haste {unknown}


   Skills:
 + Level 6.8 Fighting
 - Level 2.4 Maces & Flails
 - Level 3.6 Armour
 - Level 3.6 Shields
 - Level 2.4 Unarmed Combat


You had 4 spell levels left.
You didn't know any spells.
Your spell library contained the following spells:

 Spells                   Type           Power      Damage    Failure   Level
 Summon Guardian Golem    Hex/Summ       0%         N/A       100%        3
 Orb of Destruction       Conj           0%         9d5       100%        7
 Spellforged Servitor     Conj/Summ      0%         N/A       100%        7


Dungeon Overview and Level Annotations

Branches:
Dungeon (3/15)

Altars:

Shops:
D:3 =


Innate Abilities, Weirdness & Mutations

You have a pair of horns on your head.
You reflexively headbutt those who attack you in melee.


Message History

The orc priest mumbles some strange prayers to Beogh against you.
Beogh smites you! The orc hits you but does no damage.
You closely miss the orc. The orc hits you with a +0 hand axe.
The orc hits you but does no damage.
You hit the orc.
Your weapon exudes an aura of protection.
The orc is severely wounded.
The orc hits you but does no damage.
The orc wizard gestures wildly while chanting.
The orc wizard flickers and vanishes for a moment.
You barely miss the orc.
The orc is severely wounded.
The orc hits you but does no damage. x2
The orc priest mumbles some strange prayers to Beogh against you.
Beogh smites you!
You feel very mighty all of a sudden. The orc hits you but does no damage.
You bludgeon the orc!!
Your weapon exudes an aura of protection.
You kill the orc!
You hit the orc but do no damage. You block the orc's attack.
The orc priest mumbles some strange prayers to Beogh against you.
Beogh smites you!
* * * LOW HITPOINT WARNING * * *
The orc hits you but does no damage.
You sock the orc!
You kill the orc!
The orc priest invokes the aid of Beogh against you.
Beogh smites you!
* * * LOW HITPOINT WARNING * * *
The orc priest casts a cantrip, but nothing happens.
You hit the orc.
The orc is moderately wounded.
The orc barely misses you.
You closely miss the orc.
The orc is moderately wounded.
You block the orc's attack.
The orc priest mumbles some strange prayers to Beogh against you.
Beogh smites you!
You die...

####...(....## #####.#.##
##.....#......# #.#... #
##..########...# ##.... .#.
#...# #...# ##### ..♣###...#
#...# #..##...# #...#
##.##...# #...#
###.......########...#######
.........o.ooooo@#...#......
......!.oo########...#######
...#...(..# #...#
.......o..# #...#
##....#...# #...#
##....##..# #...# .
......###.# #...# ######..
...#... ### #...#####†#.<...
........ #...............


You could see 2 orc priests, an orc wizard (invisible) and 4 orcs.

Vanquished Creatures
  A hound (D:2)
  Jessica (D:2)
  Terence (D:2)
  3 adders
  A gnoll (D:1)
  A worm (D:2)
  4 dart slugs
  5 orcs (D:3)
  5 endoplasms
  2 giant cockroaches
  4 goblins
  3 hobgoblins
  4 jackals (D:3)
  5 kobolds
  5 quokkas
  9 ball pythons
  5 bats
  3 frilled lizards
  3 rats
65 creatures vanquished.

Notes
Turn   | Place    | Note
-------+----------+-------------------------------------------
     0 | D:1      | horus123 the Minotaur Fighter began the quest for the Orb.
     0 | D:1      | Reached XP level 1. HP: 19/19 MP: 0/0
   139 | D:1      | Reached skill level 1 in Unarmed Combat
   204 | D:1      | Found a faded altar of an unknown god.
   219 | D:1      | Reached XP level 2. HP: 8/26 MP: 1/1
   818 | D:1      | Reached skill level 4 in Fighting
  1018 | D:1      | Reached XP level 3. HP: 33/33 MP: 2/2
  1203 | D:2      | Noticed Terence
  1228 | D:2      | Reached skill level 5 in Fighting
  1228 | D:2      | Reached XP level 4. HP: 36/42 MP: 3/3
  1235 | D:2      | Killed Terence
  1310 | D:2      | Reached skill level 6 in Fighting
  1750 | D:2      | Noticed Jessica
  1752 | D:2      | Killed Jessica
  1753 | D:2      | Reached XP level 5. HP: 43/51 MP: 4/4
  2511 | D:3      | Found Qiaghafa's Jewellery Shop.
  2649 | D:3      | HP: 2/51 [orc priest/divine providence (8)]
  2651 | D:3      | Killed from afar by an orc priest

Illustrated notes

Levels and vault maps discovered:
D:1:      dpeg_arrival_stonehenge_8_columns, layout_loops_ring,
          hellmonk_ecumenical_altar_arch_garden, hex_medium,
          hangedman_decor_riveting
D:2:      minmay_alternating_diamond, layout_loops_ring, uniq_terence,
          uniq_jessica
D:3:      layout_rooms, serial_shops, nicolae_shop_window_shopping,
          nicolae_shop_advertising_works [nicolae_subvault_shop_adworks],
          nicolae_shop_trees, serial_co_window_serial, co_window_paths_a,
          co_window_cross_1, co_window_cross_1, co_window_corner_a,
          co_window_paths_a, co_window_corner_b, co_window_corner_ca,
          co_window_unsneaky_path_e, co_window_broadway_b,
          minmay_misc_feat_room, skrybe_limestone_x, minmay_misc_feat_hallway

Skill      XL: |  1  2  3  4 |
---------------+-------------+-----
Unarmed Combat | 1 2 |  2.4
Fighting       | 4 5 6 |  6.8
Maces & Flails | |  2.4
Armour         | |  3.6
Shields        | |  3.6

Action                   |  1- 3 |  4- 6 || total
-------------------------+-------+-------++-------
Melee: Flail             |    67 |    83 ||   150
       Headbutt          |    11 |     8 ||    19
  Use: Scroll            |     2 |     2 ||     4
       Potion            |       |     1 ||     1
Armor: Scale mail        |    30 |    36 ||    66
       Chain mail        |       |    11 ||    11
Dodge: Dodged            |    28 |    39 ||    67
Block: Buckler           |    18 |    18 ||    36

Table legend: (Time is in decaauts)
 A = Elapsed time spent in this place.
 B = Non-inter-level travel time spent in this place.
 C = Inter-level travel time spent in this place.
 D = Time resting spent in this place.
 E = Time spent auto-exploring this place.
 F = Levels seen in this place.
 G = Mean time per level.
                   A        B        C        D        E       F      G
               +--------+--------+--------+--------+--------+-----+--------+
         Total |   2697 |   2619 |     78 |    340 |   1604 |   3 |  899.0 |
       Dungeon |   2697 |   2619 |     78 |    340 |   1604 |   3 |  899.0 |
               +--------+--------+--------+--------+--------+-----+--------+

Top non-repeatable levels by time:
     D:2: 1149 daAuts
     D:1: 1071 daAuts
     D:3: 477 daAuts
